 Dungeon Crawl Stone Soup version 0.27.1-1-g398f81649c (webtiles) character file.

Game seed: 18415737906956004011

103 MisterFreud the Shield-Bearer (level 4, -11/41 HPs)
             Began as a Gnoll Fighter on Sept 11, 2021.
             Was a Priest of Lugonu.
             Mangled by an ogre (18 damage)
             ... on level 3 of the Dungeon.
             The game lasted 00:03:03 (2049 turns).

MisterFreud the Shield-Bearer (Gnoll Fighter)       Turns: 2049, Time: 00:03:04

Health: -11/41     AC:  9    Str: 15    XL:     4   Next: 79%
Magic:  5/5        EV:  8    Int:  9    God:    Lugonu [***...]
Gold:   72         SH: 10    Dex: 11    Spells: 5/5 levels left

rFire    . . .     SeeInvis .   a - +0 rapier
rCold    . . .     Faith    .   c - +0 kite shield
rNeg     + . .     Spirit   .   b - +0 scale mail
rPois    .         Reflect  .   j - +0 helmet
rElec    .         Harm     .   (no cloak)
rCorr    +         Rampage  .   (no gloves)
Will     .....                  (no boots)
Stlth    ..........             (no amulet)
HPRegen  0.13/turn              f - ring of resist corrosion
MPRegen  0.09/turn              k - ring of positive energy

@: no status effects
A: fangs 1, strong nose, distributed training
a: Renounce Religion, Depart the Abyss, Bend Space, Banish


You were on level 3 of the Dungeon.
You worshipped Lugonu.
Lugonu was most pleased with you.
You visited 1 branch of the dungeon, and saw 3 of its levels.

You collected 72 gold pieces.

Inventory:

Hand Weapons
 a - a +0 rapier (weapon)
Missiles
 m - 34 poisoned darts (quivered)
Armour
 b - a +0 scale mail (worn)
 c - a +0 kite shield (worn)
 j - a +0 helmet (worn)
Jewellery
 f - a ring of resist corrosion (left hand)
 k - a ring of positive energy (right hand)
Scrolls
 g - a scroll of noise {unknown}
 h - 2 scrolls of teleportation {unknown}
 i - a scroll of blinking {unknown}
 l - a scroll of vulnerability {unknown}
Potions
 d - a potion of might
 e - a potion of attraction {unknown}


   Skills:
 + Level 6.6 Fighting
 + Level 4.7 Short Blades
 + Level 1.2 Long Blades
 + Level 1.2 Axes
 + Level 1.2 Maces & Flails
 + Level 1.2 Polearms
 + Level 1.2 Staves
 + Level 1.2 Slings
 + Level 1.2 Bows
 + Level 1.2 Crossbows
 + Level 1.2 Throwing
 + Level 6.6 Armour
 + Level 1.2 Dodging
 + Level 1.2 Stealth
 + Level 6.6 Shields
 + Level 1.2 Unarmed Combat
 + Level 1.2 Spellcasting
 + Level 1.0 Conjurations
 + Level 1.0 Hexes
 + Level 1.0 Summonings
 + Level 1.0 Necromancy
 + Level 1.0 Translocations
 + Level 1.0 Transmutations
 + Level 1.0 Fire Magic
 + Level 1.0 Ice Magic
 + Level 1.0 Air Magic
 + Level 1.0 Earth Magic
 + Level 1.0 Poison Magic
 + Level 1.3 Invocations
 + Level 1.2 Evocations


You had 5 spell levels left.
You didn't know any spells.
Your spell library contained the following spells:

 Spells                   Type           Power      Damage    Failure   Level
 Apportation              Tloc           4%         N/A       93%         1
 Alistair's Intoxication  Tmut/Pois      1%         N/A       100%        5
 Invisibility             Hex            1%         N/A       100%        6


Dungeon Overview and Level Annotations

Branches:
Dungeon (3/15)

Altars:
Lugonu


Innate Abilities, Weirdness & Mutations

You have very sharp teeth.
Your uncanny sense of smell can sniff out nearby items.
Your experience applies equally to all skills.


Message History

Things that are here:
a +0 club; a +0 chain mail of fire resistance; an orc corpse
Things that are here:
a +0 dagger; a goblin corpse
Found 29 bolts.
There is a large open door here.
Found 22 poisoned darts.
m - 12 poisoned darts
m - 34 poisoned darts (gained 22)
There is a large open door here.
Things that are here:
a +0 club; a +0 chain mail of fire resistance; an orc corpse
Things that are here:
a bat corpse; an adder corpse
Found an escape hatch in the ceiling.
There are no items here.
An ogre comes into view. It is wielding a +0 giant club.
An ogre is nearby!
An ogre is nearby!
You hit the ogre. You bite the ogre, but do no damage.
The ogre is lightly wounded.
You block the ogre's attack.
You hit the ogre.
The ogre is moderately wounded.
You block the ogre's attack.
You hit the ogre. You bite the ogre.
The ogre is heavily wounded.
The ogre hits you with a +0 giant club!
You closely miss the ogre.
The ogre is heavily wounded.
The ogre hits you with a +0 giant club!
You are too injured to fight recklessly!
You hit the ogre. Your bite misses the ogre.
The ogre is heavily wounded.
The ogre hits you with a +0 giant club!
* * * LOW HITPOINT WARNING * * *
You closely miss the ogre.
The ogre is heavily wounded.
The ogre hits you with a +0 giant club!!
You die...

#.# #.# #.# #.#
## #.# ..#
#######.###.#
#..........#
#O#.# #@.##
###...## ∆
#......#
#.#####.# #.#
... # ##.## #.#
#.##...####.#.#
#.#
#.<..#......#
#.#
####...######


You could see an ogre.

Vanquished Creatures
  Robin (D:2)
  2 adders
  3 worms (D:2)
  A dart slug (D:1)
  An orc (D:3)
  11 bats
  2 endoplasms
  12 goblins
  7 hobgoblins
  3 kobolds
  5 quokkas
  4 ball pythons
  4 frilled lizards
  4 rats
60 creatures vanquished.

Vanquished Creatures (others)
  2 fungi (D:1)
  3 plants (D:1)
5 creatures vanquished.

Grand Total: 65 creatures vanquished

Notes
Turn   | Place    | Note
-------+----------+-------------------------------------------
     0 | D:1      | MisterFreud the Gnoll Fighter began the quest for the Orb.
     0 | D:1      | Reached XP level 1. HP: 23/23 MP: 1/1
   148 | D:1      | Reached XP level 2. HP: 23/29 MP: 2/2
   383 | D:1      | Found a faded altar of an unknown god.
   396 | D:1      | Became a worshipper of Lugonu the Unformed
   396 | D:1      | Reached * piety under Lugonu
   396 | D:1      | Reached ** piety under Lugonu
   817 | D:2      | Reached XP level 3. HP: 30/35 MP: 3/3
  1151 | D:2      | Reached skill level 1 in Invocations
  1154 | D:2      | Noticed Robin
  1160 | D:2      | Killed Robin
  1161 | D:2      | Reached skill level 1 in Long Blades
  1161 | D:2      | Reached skill level 1 in Axes
  1161 | D:2      | Reached skill level 1 in Maces & Flails
  1161 | D:2      | Reached skill level 1 in Polearms
  1161 | D:2      | Reached skill level 1 in Staves
  1161 | D:2      | Reached skill level 1 in Slings
  1161 | D:2      | Reached skill level 1 in Bows
  1161 | D:2      | Reached skill level 1 in Crossbows
  1161 | D:2      | Reached skill level 1 in Throwing
  1161 | D:2      | Reached skill level 1 in Dodging
  1161 | D:2      | Reached skill level 1 in Stealth
  1161 | D:2      | Reached skill level 1 in Unarmed Combat
  1161 | D:2      | Reached skill level 1 in Spellcasting
  1161 | D:2      | Reached skill level 1 in Evocations
  1215 | D:2      | Reached XP level 4. HP: 35/41 MP: 5/5
  1426 | D:2      | Reached *** piety under Lugonu
  1907 | D:3      | Reached skill level 1 in Conjurations
  1907 | D:3      | Reached skill level 1 in Hexes
  1907 | D:3      | Reached skill level 1 in Summonings
  1907 | D:3      | Reached skill level 1 in Necromancy
  1907 | D:3      | Reached skill level 1 in Translocations
  1907 | D:3      | Reached skill level 1 in Transmutations
  1907 | D:3      | Reached skill level 1 in Fire Magic
  1907 | D:3      | Reached skill level 1 in Ice Magic
  1907 | D:3      | Reached skill level 1 in Air Magic
  1907 | D:3      | Reached skill level 1 in Earth Magic
  1907 | D:3      | Reached skill level 1 in Poison Magic
  2042 | D:3      | Noticed an ogre
  2049 | D:3      | Mangled by an ogre

Illustrated notes

Levels and vault maps discovered:
D:1:      nzn_arrival_water_spiral, layout_basic,
          dreamdust_ecumenical_altar_grove, minmay_ruptured
D:2:      layout_loops_ring, uniq_robin
D:3:      layout_loops_ring, kennysheep_generic_room_6

Skill      XL: |  1  2  3  4 |
---------------+-------------+-----
Invocations    | 1 |  1.3
Long Blades    | 1 |  1.2
Axes           | 1 |  1.2
Maces & Flails | 1 |  1.2
Polearms       | 1 |  1.2
Staves         | 1 |  1.2
Slings         | 1 |  1.2
Bows           | 1 |  1.2
Crossbows      | 1 |  1.2
Throwing       | 1 |  1.2
Dodging        | 1 |  1.2
Stealth        | 1 |  1.2
Unarmed Combat | 1 |  1.2
Spellcasting   | 1 |  1.2
Evocations     | 1 |  1.2
Conjurations   | 1 |  1.0
Hexes          | 1 |  1.0
Summonings     | 1 |  1.0
Necromancy     | 1 |  1.0
Translocations | 1 |  1.0
Transmutations | 1 |  1.0
Fire Magic     | 1 |  1.0
Ice Magic      | 1 |  1.0
Air Magic      | 1 |  1.0
Earth Magic    | 1 |  1.0
Poison Magic   | 1 |  1.0
Fighting       | |  6.6
Short Blades   | |  4.7
Armour         | |  6.6
Shields        | |  6.6

Action                   |  1- 3 |  4- 6 || total
-------------------------+-------+-------++-------
Melee: Rapier            |   105 |    82 ||   187
       Bite              |    12 |    10 ||    22
 Stab: Distracted        |     1 |       ||     1
Armor: Scale mail        |    30 |    40 ||    70
Dodge: Dodged            |    25 |    30 ||    55
Block: Kite shield       |    46 |    39 ||    85
